 Dungeon Crawl Stone Soup version 0.29-a0-723-gce39da1c22 (webtiles) character file.

Game seed: 1311960344023503801

101 gobodom the Stinger (level 4, -1/30 HPs)
             Began as a Demonspawn Venom Mage on June 29, 2022.
             Succumbed to Dowan's poison
             ... on level 4 of the Dungeon.
             The game lasted 00:10:49 (4342 turns).

gobodom the Stinger (Demonspawn Venom Mage)         Turns: 4342, Time: 00:10:50

Health: -1/30      AC:  5    Str: 10    XL:     4   Next: 48%
Magic:  0/8        EV: 12    Int: 16    God:
Gold:   118        SH:  0    Dex: 14    Spells: 7/8 levels left

rFire   . . .      SeeInvis .   d - +2 whip (elec)
rCold   . . .      Faith    .   (no shield)
rNeg    + . .      Spirit   .   a - +0 robe
rPois   .          Reflect  .   (no helmet)
rElec   .          Harm     .   (no cloak)
rCorr   .          Rampage  .   v - +0 pair of gloves
Will    .....                   (no boots)
Stlth   ++........              (no amulet)
HPRegen 0.10/turn               s - ring of positive energy
MPRegen 0.11/turn               (no ring)

@: lethally poisoned (-1 -> -38)
A: icy blue scales 1, demonic magic 1
a: no special abilities


You were on level 4 of the Dungeon.
You visited 1 branch of the dungeon, and saw 4 of its levels.

You collected 118 gold pieces.

Inventory:

Hand Weapons
 d - a +2 whip of electrocution (weapon)
 m - a +2 whip of distortion
 w - a +2 whip of venom
 y - the +7 lajatang of Order {silver, rMut}
   (You took it off a hobgoblin on level 3 of the Dungeon)

   It inflicts extra damage upon those it strikes, and deals substantially
   increased damage to chaotic, mutated and magically transformed beings.
   rMut:      It protects you from mutation.
Missiles
 r - 2 poisoned darts
 t - 5 boomerangs
Armour
 a - a +0 robe (worn)
 v - a +0 pair of gloves (worn)
Jewellery
 s - a ring of positive energy (left hand)
Scrolls
 c - a scroll of magic mapping {unknown}
 e - 2 scrolls of poison {unknown}
 f - 2 scrolls of immolation {unknown}
 h - a scroll of teleportation {unknown}
 n - a scroll of summoning {unknown}
 o - a scroll of acquirement {unknown}
 p - a scroll of brand weapon {unknown}
 x - a scroll of noise {unknown}
 A - 2 scrolls of identify {unknown}
 B - a scroll of fear {unknown}
Potions
 b - a potion of magic
 i - a potion of lignification {unknown}
 j - 2 potions of mutation {unknown}
 k - a potion of berserk rage {unknown}
 l - 3 potions of curing {unknown}
 q - a potion of might {unknown}
 u - a potion of brilliance {unknown}
 z - 2 potions of attraction {unknown}


   Skills:
 + Level 0.1 Fighting
 + Level 0.3 Short Blades
 + Level 0.8 Maces & Flails
 + Level 1.8 Dodging
 + Level 2.1 Stealth
 + Level 2.8 Spellcasting
 + Level 2.0 Transmutations
 + Level 3.6 Poison Magic


You had 7 spell levels left.
You knew the following spells:

 Your Spells              Type           Power      Damage    Failure   Level
a - Sting                 Tmut/Pois      44%        1d5       6%          1

Your spell library contained the following spells:

 Spells                   Type           Power      Damage    Failure   Level
 Poisonous Vapours        Pois/Air       16%        N/A       14%         2
 Magic Dart               Conj           8%         1d3       19%         1
 Call Imp                 Summ           2%         N/A       28%         2
 Mephitic Cloud           Conj/Pois/Air  6%         N/A       34%         3
 Olgreb's Toxic Radiance  Pois           14%        N/A       38%         4
 Animate Dead             Necr           2%         N/A       88%         4
 Haunt                    Necr/Summ      1%         N/A       100%        7
 Infestation              Necr           1%         N/A       100%        8


Dungeon Overview and Level Annotations

Branches:
Dungeon (4/15)
 Temple: D:4-7

Altars:
Lugonu

Shops:
D:1 =

Portals:
Abyss: D:3

Annotations:
D:4 Dowan, Duvessa


Innate Abilities, Weirdness & Mutations

You are partially covered in icy blue scales. (AC +2)
Spells you cast may paralyse adjacent enemies.


Message History

Duvessa is lightly wounded.
Malevolent energies surge around you.
The sting hits Duvessa but does no damage.
Duvessa looks as sick as possible!
Duvessa is lightly wounded.
Malevolent energies surge around you.
Duvessa is no longer paralysed.
Duvessa hits you with a +0 short sword.
Dowan hits you with a +3 dagger of venom.
You are poisoned.
You hit Duvessa but do no damage.
Duvessa is moderately wounded.
You feel very sick. Duvessa misses you.
Dowan hits you with a +3 dagger of venom.
You are more poisoned.
You feel much better.
You feel very sick.
Dowan hits you with a +3 dagger of venom.
You are lethally poisoned!
Duvessa says, "Where magic fails, the sword succeeds!"
Duvessa hits you but does no damage.
The sting hits Duvessa.
Duvessa looks as sick as possible!
Duvessa is heavily wounded.
Malevolent energies surge around you.
You feel extremely sick. Duvessa hits you with a +0 short sword.
Dowan hits you with a +3 dagger of venom.
* * * LOW HITPOINT WARNING * * *
You are more poisoned.
You are too injured to fight recklessly!
You are too injured to fight recklessly!
Casting: Sting (safe; 6% risk of failure)
Confirm with . or Enter, or press ? or * to list all spells.
Aiming: Sting (safe; 6% risk of failure)
Press: ? - help, Shift-Dir - straight line, f/p - Duvessa
Aim: Duvessa, wielding a +0 short sword and wearing a +0 scale mail (heavily wounded, extremely poisoned, 79% to hit)
The sting hits Duvessa.
Duvessa looks as sick as possible!
Duvessa is severely wounded.
Malevolent energies surge around you.
You die...

... .. #####+##..# ...
#......#..##...
#......#.......
#......+.......
########...... .......
#.........#####e......
#...........†.@e.#
#<.....#....†....#
#......####..##..#
######## #..# ..#
....# ..# .....# ..#
..###.# #.# .. #.# .#
..


You could see Duvessa (extremely poisoned) and Dowan.

Vanquished Creatures
  A worm (D:2)
  3 dart slugs
  7 orcs (D:3)
  8 endoplasms
  2 giant cockroaches (D:2)
  6 goblins
  4 hobgoblins
  8 jackals (D:1)
  3 quokkas
  10 ball pythons
  3 bats
  13 frilled lizards
  7 kobolds
  4 rats
79 creatures vanquished.

Notes
Turn   | Place    | Note
-------+----------+-------------------------------------------
     0 | D:1      | gobodom the Demonspawn Venom Mage began the quest for the
                  | Orb.
     0 | D:1      | Reached XP level 1. HP: 13/13 MP: 3/3
    53 | D:1      | Found Muho's Jewellery Emporium.
    60 | D:1      | Reached skill level 1 in Transmutations
   316 | D:1      | Found a faded altar of an unknown god.
   347 | D:1      | Gained mutation: You are partially covered in icy blue
                  | scales. (AC +2) [demonic ancestry]
   347 | D:1      | Reached XP level 2. HP: 11/19 MP: 0/5
   784 | D:1      | Reached XP level 3. HP: 21/24 MP: 0/6
  2534 | D:2      | Gained mutation: Spells you cast may paralyse adjacent
                  | enemies. [demonic ancestry]
  2534 | D:2      | Reached XP level 4. HP: 30/30 MP: 1/7
  3213 | D:3      | Found a large runed translucent door.
  3213 | D:3      | Found a large runed translucent door.
  3215 | D:3      | Found a corrupted altar of Lugonu.
  3245 | D:3      | Found a one-way gate to the infinite horrors of the Abyss.
  4322 | D:4      | Noticed Dowan
  4327 | D:4      | Noticed Duvessa
  4342 | D:4      | Succumbed to Dowan's poison

Illustrated notes

Levels and vault maps discovered:
D:1:      matt_arrival_spirals, layout_basic, serial_shops, shop_fountains,
          chequers_ecumenical_altar_island, minmay_pentomino_q2
D:2:      mumra_celtic_spiral_tile, layout_basic, serial_forest,
          infiniplex_forest_corner_2, infiniplex_forest_clump_tiny,
          infiniplex_forest_clump_diagonal, infiniplex_forest_lined_ring,
          infiniplex_forest_lined_corner, infiniplex_forest_pool,
          minmay_lizard_pond
D:3:      due_chaos_kobolds, layout_rooms, kennysheep_cross_room, fountainhead
D:4:      layout_gridville, gup_sewer_entry_spiral, uniq_duvessa, uniq_menkaure,
          uniq_sigmund, uniq_grinder

Skill      XL: |  1  2  3  4 |
---------------+-------------+-----
Transmutations | 1 2 |  2.0
Stealth        | 2 |  2.1
Fighting       | |  0.1
Short Blades   | |  0.3
Maces & Flails | |  0.8
Dodging        | |  1.8
Spellcasting   | |  2.8
Poison Magic   | |  3.6

Action                   |  1- 3 |  4- 6 || total
-------------------------+-------+-------++-------
Melee: Whip              |    40 |    28 ||    68
       Short sword       |     2 |       ||     2
Throw: Dart              |       |     2 ||     2
 Cast: Sting             |    75 |    47 ||   122
  Use: Potion            |       |     1 ||     1
 Stab: Sleeping          |     1 |       ||     1
       Paralysed         |       |    11 ||    11
Armor: Robe              |    17 |     3 ||    20
Dodge: Dodged            |    61 |    15 ||    76

Table legend: (Time is in decaauts)
 A = Elapsed time spent in this place.
 B = Non-inter-level travel time spent in this place.
 C = Inter-level travel time spent in this place.
 D = Time resting spent in this place.
 E = Time spent auto-exploring this place.
 F = Levels seen in this place.
 G = Mean time per level.
                   A        B        C        D        E       F      G
               +--------+--------+--------+--------+--------+-----+--------+
         Total |   4354 |   4294 |     60 |      0 |   3591 |   4 | 1088.5 |
       Dungeon |   4354 |   4294 |     60 |      0 |   3591 |   4 | 1088.5 |
               +--------+--------+--------+--------+--------+-----+--------+

Top non-repeatable levels by time:
     D:2: 1812 daAuts
     D:1: 1424 daAuts
     D:3: 1084 daAuts
     D:4: 33 daAuts
